 Dungeon Crawl Stone Soup version 0.29.0-4-gdea44cf6ec (webtiles) character file.

Game seed: 8721729308390142307

104 qw the Chopper (level 4, -1/26 HPs)
             Began as a Tengu Warper on Aug 28, 2022.
             Slain by Terence
             ... wielding a +0 mace
              (5 damage)
             ... on level 3 of the Dungeon.
             The game lasted 00:00:16 (3370 turns).

qw the Chopper (Tengu Warper)                       Turns: 3370, Time: 00:00:16

Health: -1/26      AC:  6    Str: 13    XL:     4   Next: 80%
Magic:  8/8        EV: 11    Int: 13    God:
Gold:   82         SH:  0    Dex: 20    Spells: 7/7 levels left

rFire   . . .      SeeInvis .   Y - +0 hand axe
rCold   . . .      Faith    .   (no shield)
rNeg    . . .      Spirit   .   i - +0 ring mail
rPois   .          Reflect  .   (helmet restricted)
rElec   .          Harm     .   (no cloak)
rCorr   .          Rampage  .   b - +0 pair of gloves
Will    .....                   (boots unavailable)
Stlth   +.........              (no amulet)
HPRegen 0.08/turn               f - +6 ring of dexterity
MPRegen 0.11/turn               (no ring)

@: no status effects
A: beak, talons 3
a: no special abilities


You were on level 3 of the Dungeon.
You visited 1 branch of the dungeon, and saw 3 of its levels.

You collected 82 gold pieces.


Innate Abilities, Weirdness & Mutations

You have a beak for a mouth.
You have claws for feet.


   Skills:
 - Level 2.0 Fighting
 + Level 5.3 Axes
 - Level 1.0 Throwing
 - Level 1.1 Armour
 - Level 2.1 Dodging
 - Level 2.0 Spellcasting
 - Level 2.4 Translocations


You had 7 spell levels left.
You didn't know any spells.
Your spell library contained the following spells:

 Spells                   Type           Power      Damage    Failure   Level
 Blink                    Tloc           14%        N/A       30%         2
 Gell's Gravitas          Tloc           7%         N/A       52%         3
 Lesser Beckoning         Tloc           7%         N/A       52%         3
 Teleport Other           Tloc           7%         N/A       52%         3
 Manifold Assault         Tloc           7%         N/A       99%         5

Inventory:

Hand Weapons
 j - a +0 mace
 Y - a +0 hand axe (weapon)
Armour
 a - a +0 scale mail
 b - a +0 pair of gloves (worn)
 i - a +0 ring mail (worn)
Jewellery
 f - a +6 ring of dexterity (left hand)
Scrolls
 d - a scroll of identify {unknown}
Potions
 c - a potion of haste
 e - a potion of brilliance {unknown}
 h - a potion of attraction {unknown}

Dungeon Overview and Level Annotations

Branches:
Dungeon (3/15)

Altars:
Qazlal

Annotations:
D:3 Sigmund, Terence


Message History

A hobgoblin comes into view.
The hobgoblin shouts!
The bat hits you but does no damage.
Sigmund hits you from afar with a +0 scythe.
You closely miss the bat. Your kick misses the bat.
You peck the bat, but do no damage. The bat closely misses you.
The bat hits you.
Terence the Incautious comes into view.
He is wielding a +0 mace and wearing a +2 scale mail of willpower.
An orc comes into view. It is wielding a +0 morningstar.
Found a pair of gloves.
Terence shouts!
The orc shouts!
You hear a shout!
The bat barely misses you. Sigmund hits you with a +0 scythe!
The adder bites you but does no damage.
You barely miss Sigmund. You claw Sigmund, but do no damage. You peck Sigmund.
Sigmund is lightly wounded.
You barely miss the adder. The bat hits you but does no damage.
The adder bites you but does no damage. Sigmund casts a spell at you.
The magic dart hits you!
You hit Sigmund but do no damage.
Sigmund is lightly wounded.
You miss the bat. You closely miss the hobgoblin. You hit the adder.
The bat closely misses you. The adder bites you but does no damage.
Sigmund barely misses you.
The hobgoblin hits you but does no damage.
You miss the adder. You claw the adder!
You kill the adder!
You hit Sigmund but do no damage. You hit the hobgoblin. The bat hits you.
The hobgoblin barely misses you.
You hit the hobgoblin. You claw the hobgoblin.
You kill the hobgoblin!
You hit Terence. You hit Sigmund but do no damage. The bat closely misses you.
Sigmund closely misses you. Terence says, "How do you enjoy it?"
Terence hits you with a +0 mace. The bat hits you but does no damage.
You hit Terence but do no damage. You claw Terence, but do no damage.
Terence is lightly wounded.
You closely miss Sigmund. You barely miss the bat. The bat closely misses you.
Terence hits you with a +0 mace.
You die...

.. ##.##.# #.#
#..####.##.#.. ..
#....####.###...##...#.##.
..
###...##................##
#.#.##..#..............#
###.......#.............8.
#.........#...............
#.###.........(...........
... #....b.##...##...#####
.## ##...@.##### #####
#..%@@# #...o...
#........# #....:.....
..........#. #..........#
##.......[..


You could see Sigmund, Terence, an orc and a bat.

Vanquished Creatures
  Jessica (D:3)
  An adder (D:3)
  A worm (D:2)
  3 dart slugs
  2 orcs (D:3)
  6 bats
  3 endoplasms
  A giant cockroach (D:2)
  3 goblins (D:1)
  6 hobgoblins
  8 kobolds
  2 quokkas
  10 ball pythons
  3 frilled lizards (D:1)
  4 rats
54 creatures vanquished.

Notes
Turn   | Place    | Note
-------+----------+-------------------------------------------
     0 | D:1      | qw the Tengu Warper began the quest for the Orb.
     0 | D:1      | Reached XP level 1. HP: 12/12 MP: 4/4
     0 | D:1      | 0 ||| qw: Version: 0.1-a-89-g26bdef1
     0 | D:1      | 0 ||| qw: Game counter: 506
     0 | D:1      | 0 ||| qw: Always use a shield: true
     0 | D:1      | 0 ||| qw: God list: Okawaru
     0 | D:1      | 0 ||| qw: Allow faded altars: false
     0 | D:1      | 0 ||| qw: Do Orc after D:15 true
     0 | D:1      | 0 ||| qw: Do second Lair branch before Depths: true
     0 | D:1      | 0 ||| qw: Lair rune preference: random
     0 | D:1      | 0 ||| qw: Plans: Normal
     0 | D:1      | 0 ||| PLANNING D:1-11
   139 | D:1      | Reached skill level 3 in Axes
   139 | D:1      | Reached XP level 2. HP: 17/17 MP: 6/6
   283 | D:1      | 283 ||| Stepping ~*~*~tactically~*~*~ (hiding).
   401 | D:1      | Found a faded altar of an unknown god.
   597 | D:1      | Reached XP level 3. HP: 21/21 MP: 7/7
   873 | D:1      | 873 ||| DROPPING +0 club.
   998 | D:1      | 998 ||| UPGRADING to +0 ring mail.
  1008 | D:1      | 1008 ||| DROPPING +0 leather armour.
  1009 | D:1      | 1009 ||| READING scroll labelled YLUWOREFOI.
  1010 | D:1      | 1010 ||| READING scroll labelled BAERAX SONOOF.
  1011 | D:1      | 1011 ||| DROPPING scroll of blinking.
  1071 | D:2      | 1071 ||| Stepping ~*~*~tactically~*~*~ (stealth).
  1084 | D:2      | Reached skill level 4 in Axes
  1338 | D:2      | 1338 ||| Stepping ~*~*~tactically~*~*~ (stealth).
  1876 | D:2      | 1876 ||| Stepping ~*~*~tactically~*~*~ (hiding).
  2012 | D:2      | 2012 ||| Stepping ~*~*~tactically~*~*~ (stealth).
  2030 | D:2      | 2030 ||| FLEEEEING.
  2031 | D:2      | 2031 ||| FLEEEEING.
  2038 | D:2      | 2038 ||| STAIRDANCE
  2088 | D:1      | 2088 ||| UPGRADING to +0 pair of gloves.
  2093 | D:1      | 2093 ||| DROPPING amulet of magic regeneration.
  2094 | D:1      | 2094 ||| UPGRADING to +6 ring of dexterity.
  2095 | D:1      | 2095 ||| READING scroll labelled SEH DEOGITEBBU.
  2100 | D:1      | 2100 ||| READING 2 scrolls labelled VEMEUPSIASO.
  2201 | D:1      | 2201 ||| DRINKING 2 clear potions.
  2202 | D:1      | 2202 ||| DROPPING scroll of silence.
  2203 | D:1      | 2203 ||| DROPPING potion of flight.
  2598 | D:2      | 2598 ||| READING scroll labelled CISI VYURRIASE.
  2727 | D:2      | 2727 ||| DRINKING 2 cyan potions.
  2749 | D:3      | Noticed Jessica
  2762 | D:3      | HP: 4/21 [orc/+2 vorpal falchion (9)]
  2795 | D:3      | 2795 ||| FLEEEEING.
  2796 | D:3      | 2796 ||| STAIRDANCE
  3037 | D:3      | Reached XP level 4. HP: 21/26 MP: 8/8
  3037 | D:3      | 3037 ||| STAIRDANCE
  3195 | D:3      | Found a faded altar of an unknown god.
  3200 | D:3      | Found a stormy altar of Qazlal.
  3212 | D:3      | 3212 ||| Stepping ~*~*~tactically~*~*~ (stealth).
  3241 | D:3      | Killed Jessica
  3242 | D:3      | Reached skill level 5 in Axes
  3360 | D:3      | Noticed Sigmund
  3364 | D:3      | Noticed Terence
  3369 | D:3      | HP: 4/26 [Terence/+0 mace (4)]
  3370 | D:3      | Slain by Terence

Levels and vault maps discovered:
D:1:      minmay_arrival_wavy_path, layout_basic, basic_ecumenical_altar,
          minmay_pentomino_x2
D:2:      wander_river, layout_basic, hex_intersection
D:3:      layout_rooms, nicolae_overflow_ecumenical_swirl, uniq_terence,
          uniq_jessica, uniq_sigmund

Skill      XL: |  1  2  3  4 |
---------------+-------------+-----
Axes           | 3 4 5 |  5.3
Fighting       | |  2.0
Throwing       | |  1.0
Armour         | |  1.1
Dodging        | |  2.1
Spellcasting   | |  2.0
Translocations | |  2.4

Action                   |  1- 3 |  4- 6 || total
-------------------------+-------+-------++-------
Melee: Hand axe          |   100 |    22 ||   122
       Peck              |    14 |     5 ||    19
       Kick              |    18 |     6 ||    24
Throw: Boomerang         |     7 |       ||     7
  Use: Scroll            |     5 |       ||     5
       Potion            |     2 |       ||     2
Armor: Leather armour    |    15 |       ||    15
       Ring mail         |    21 |     8 ||    29
Dodge: Dodged            |    47 |    12 ||    59

Table legend:
 A = Non-vault XP
 B = Vault XP
 C = Vault XP percentage of total XP
 D = Non-vault monster count
 E = Vault monster count
 F = Vault count percentage of total count
                 A         B        C        D         E       F
            +---------+---------+-------+---------+---------+-------
      Total |     109 |      40 |  26.8 |      51 |       3 |   5.6
            +---------+---------+-------+---------+---------+-------
        D:1 |      37 |       3 |   7.5 |      21 |       2 |   8.7
        D:2 |      35 |       0 |   0.0 |      16 |       0 |   0.0
        D:3 |      37 |      37 |  50.0 |      14 |       1 |   6.7
            +---------+---------+-------+---------+---------+-------
